 Dungeon Crawl Stone Soup version 0.28.0-53-g5a82cb258f (webtiles) character file.

Game seed: 15240755674401214057

275 Sin92 the Skirmisher (level 6, 0/48 HPs)
             Began as a Demonspawn Fighter on June 2, 2022.
             Slain by a jackal (3 damage)
             ... on level 3 of the Dungeon.
             The game lasted 00:02:44 (2143 turns).

Sin92 the Skirmisher (Demonspawn Fighter)           Turns: 2143, Time: 00:02:45

Health: 0/48       AC: 11    Str: 18    XL:     6   Next: 3%
Magic:  6/6        EV:  9    Int: 10    God:
Gold:   37         SH:  4    Dex: 12    Spells: 5/5 levels left

rFire   . . .      SeeInvis .   a - +0 war axe
rCold   . . .      Faith    .   c - +0 buckler
rNeg    . . .      Spirit   .   b - +1 scale mail
rPois   +          Reflect  .   j - +0 helmet
rElec   .          Harm     .   (no cloak)
rCorr   .          Rampage  .   (no gloves)
Will    .....                   (no boots)
Stlth   ..........              (no amulet)
HPRegen 0.16/turn               s - ring of poison resistance
MPRegen 0.10/turn               (no ring)

@: no status effects
A: claws 2, molten scales 1
a: no special abilities


You were on level 3 of the Dungeon.
You visited 1 branch of the dungeon, and saw 3 of its levels.

You collected 37 gold pieces.

Inventory:

Hand Weapons
 a - a +0 war axe (weapon)
Armour
 b - a +1 scale mail (worn)
 c - a +0 buckler (worn)
 j - a +0 helmet (worn)
Jewellery
 s - a ring of poison resistance (left claw)
Wands
 q - a wand of iceblast (7)
Scrolls
 d - a scroll of teleportation
 i - a scroll of enchant armour
Potions
 e - a potion of attraction {unknown}
 f - a potion of curing {unknown}
 g - a potion of lignification
 l - a potion of flight
 n - a potion of mutation
 o - a potion of brilliance


   Skills:
 + Level 3.8 Fighting
 * Level 3.6 Axes
 + Level 3.5 Armour
 + Level 2.0 Dodging
 + Level 3.4 Shields


You had 5 spell levels left.
You didn't know any spells.
Your spell library contained the following spells:

 Spells                   Type           Power      Damage    Failure   Level
 Blink                    Tloc           0%         N/A       93%         2
 Lesser Beckoning         Tloc           0%         N/A       99%         3
 Manifold Assault         Tloc           0%         N/A       100%        5


Dungeon Overview and Level Annotations

Branches:
Dungeon (3/15)

Altars:


Innate Abilities, Weirdness & Mutations

You have very sharp fingernails.
You are partially covered in molten scales. (AC +2)


Message History

You closely miss the jackal.
The jackal is severely wounded.
You slash the jackal!
You kill the jackal!
The jackal bites you but does no damage.
The jackal closely misses you.
You hit the jackal but do no damage.
The jackal is severely wounded.
You hit the iguana but do no damage.
The jackal bites you but does no damage.
The iguana bites you but does no damage.
The jackal bites you but does no damage.
The iguana closely misses you.
You hit the jackal.
You kill the jackal!
You hit the iguana. The jackal bites you. The iguana closely misses you.
You hit the jackal.
The jackal is severely wounded.
You hit the iguana. The jackal closely misses you. The iguana bites you.
The jackal bites you.
You barely miss the jackal.
The jackal is severely wounded.
You hit the iguana but do no damage.
The iguana bites you but does no damage.
You block the jackal's attack. The jackal closely misses you.
You block the iguana's attack.
You closely miss the jackal.
The jackal is severely wounded.
You barely miss the iguana.
The jackal bites you but does no damage.
The iguana bites you.
* * * LOW HITPOINT WARNING * * *
The jackal barely misses you.
You closely miss the jackal.
The jackal is severely wounded.
You hit the iguana but do no damage. You block the jackal's attack.
The iguana bites you!
* * * LOW HITPOINT WARNING * * *
The jackal bites you.
You die...

####### ....... .. ....## ..
.....# .. )....####### .#
.....#......##### ####.#####.
.....#..###.....###..........
.....##(.###)...@h..##.#.....
....^........##l###..)...#
................)..)...###
########.#######...#h#####
#.................#
####......h##........
.....l.h..........
#.......##.#......
#..........###.#.#


You could see an iguana and a jackal.

Vanquished Creatures
  Sigmund (D:3)
  A jelly (D:2)
  A gnoll (D:1)
  An adder (D:3)
  2 dart slugs
  2 orcs (D:3)
  7 ball pythons
  8 endoplasms
  A giant cockroach (D:1)
  3 goblins
  8 hobgoblins
  5 jackals
  4 quokkas
  4 bats
  A frilled lizard (D:1)
  4 kobolds
  6 rats
59 creatures vanquished.

Notes
Turn   | Place    | Note
-------+----------+-------------------------------------------
     0 | D:1      | Sin92 the Demonspawn Fighter began the quest for the Orb.
     0 | D:1      | Reached XP level 1. HP: 18/18 MP: 1/1
   277 | D:1      | Gained mutation: You have sharp fingernails. [demonic
                  | ancestry]
   277 | D:1      | Reached XP level 2. HP: 24/24 MP: 2/2
   385 | D:1      | Found a faded altar of an unknown god.
   500 | D:1      | Reached XP level 3. HP: 25/29 MP: 3/3
   838 | D:1      | Reached skill level 1 in Dodging
  1496 | D:2      | Reached XP level 4. HP: 20/35 MP: 4/4
  2065 | D:3      | Noticed Sigmund
  2077 | D:3      | Killed Sigmund
  2078 | D:3      | Gained mutation: You are partially covered in molten
                  | scales. (AC +2) [demonic ancestry]
  2078 | D:3      | Reached XP level 5. HP: 23/42 MP: 5/5
  2130 | D:3      | Gained mutation: You have very sharp fingernails. [demonic
                  | ancestry]
  2130 | D:3      | Reached XP level 6. HP: 20/48 MP: 6/6
  2143 | D:3      | Slain by a jackal

Illustrated notes

Levels and vault maps discovered:
D:1:      onia_arrival_mini_spirals, layout_loops_ring,
          hellmonk_ecumenical_altar_lost_god, minmay_ruptured
D:2:      layout_rooms, mrwooster_statue_mirror, minmay_pentomino_v4
D:3:      layout_rooms, minmay_liquid_box, kennysheep_generic_room_6,
          uniq_sigmund

Skill      XL: |  1  2  3  4  5 |
---------------+----------------+-----
Axes           | 2 3 |  3.6
Dodging        | 1 2 |  2.0
Shields        | 3 |  3.4
Armour         | 3 |  3.5
Fighting       | |  3.8

Action                   |  1- 3 |  4- 6 || total
-------------------------+-------+-------++-------
Melee: War axe           |   110 |    70 ||   180
  Use: Scroll            |       |    10 ||    10
       Potion            |       |     2 ||     2
Armor: Scale mail        |    62 |    45 ||   107
Dodge: Dodged            |    74 |    31 ||   105
Block: Buckler           |    26 |    18 ||    44
